 Dungeon Crawl Stone Soup version 0.26-a0-682-g294304f6e8 (webtiles) character file.

Game seed: 14147737841207503810

175424 DogServant the Devastator (level 17, 0/148 HPs)
             Began as a Black Draconian Conjurer on Oct 21, 2020.
             Was the Champion of Ru.
             Slain by a seven-headed hydra (2 damage)
             ... while petrified by a basilisk
             ... on level 6 of the Lair of Beasts.
             The game lasted 02:03:37 (34224 turns).

DogServant the Devastator (DrCj)                   Turns: 34224, Time: 02:03:38

Health: 0/148      AC: 11    Str: 10    XL:     17   Next: 47%
Magic:  12/31      EV:  2    Int: 21    God:    Ru [******]
Gold:   685        SH:  0    Dex: 15    Spells: 15/36 levels left

rFire    x . .     SeeInvis .   B - staff of conjuration
rCold    x . .     Faith    .   h - +1 buckler {reflect}
rNeg     + + +     Spirit   .   (armour unavailable)
rPois    ∞         Reflect  +   (helmet restricted)
rElec    +         Harm     .   D - +0 cloak
rCorr    .         Rampage  .   (no gloves)
MR       ++...                  z - +0 pair of boots (curse)
Stlth    ..........             w - amulet of magic regeneration
HPRegen  0.00/turn              I - ring "Riujidap" {Wiz Dex+3 Slay-4}
MPRegen  0.47/turn              y - ring of protection from magic

@: exhausted, petrified, drained
A: breathe lightning, unfitting armour, big wings, hooves 1, dopey 1,
electricity resistance, inhibited regeneration, cold-blooded, no stealth,
inability to use devices, reduced EV 1, temperature sensitive, AC +9
a: Breathe Lightning, Fly, Draw Out Power, Power Leap, Apocalypse, Renounce
Religion


You were on level 6 of the Lair of Beasts.
You worshipped Ru.
Ru was exalted by your worship.
You visited 4 branches of the dungeon, and saw 23 of its levels.
You also visited: Ossuary.

You collected 2338 gold pieces.
You spent 1653 gold pieces at shops.

Inventory:

Hand Weapons
 C - the +8 quarterstaff of the Slime-mould {drain, rN++ Str-3 Int+4 Stlth-}
   (You took it off a centaur warrior on level 14 of the Dungeon)

   A truly terrible weapon, it drains the life of those it strikes.
   It affects your strength (-3).
   It affects your intelligence (+4).
   It greatly protects you from negative energy.
   It makes you less stealthy.
 F - the +2 scimitar of Turmoil {drain, +Rage Int+6}
   (You found it on level 9 of the Dungeon)

   A truly terrible weapon, it drains the life of those it strikes.
   It affects your intelligence (+6).
   It lets you go berserk.
Armour
 h - a +1 buckler of reflection (worn)
 z - a cursed +0 pair of boots (worn)
 D - a +0 cloak (worn)
Magical Staves
 j - an uncursed staff of poison
 B - an uncursed staff of conjuration (weapon)
 P - an uncursed staff of fire
Jewellery
 b - an uncursed ring of protection from cold
 n - the ring "Xemneudgh" {rPois rC- rCorr Int+3}
   (You acquired it on level 9 of the Dungeon)

   [ring of resist corrosion]

   It affects your intelligence (+3).
   It makes you vulnerable to cold.
   It protects you from poison.
   It provides partial protection from all sources of acid and corrosion.
 o - an uncursed ring of poison resistance
 w - an amulet of magic regeneration (around neck)
 y - a ring of protection from magic (right hand)
 H - an uncursed ring of positive energy
 I - the ring "Riujidap" (left hand) {Wiz Dex+3 Slay-4}
   (You bought it in a shop on level 12 of the Dungeon)

   [ring of wizardry]

   It improves your spell success rate.
   It affects your dexterity (+3).
   It affects your accuracy and damage with ranged weapons and melee attacks
   (-4).
 J - the amulet of Vehumet's Castigation {Acrobat rC+}
   (You found it on level 13 of the Dungeon)

   [amulet of the acrobat]

   It helps you evade while moving and waiting.
   It protects you from cold.
 Q - an uncursed ring of magical power
Scrolls
 g - 4 scrolls of teleportation
 i - 3 scrolls of fear
 k - 3 scrolls of immolation
 m - 7 scrolls of magic mapping
 p - a scroll of enchant weapon
 r - 4 scrolls of holy word
 s - 14 scrolls of remove curse
 u - 9 scrolls of amnesia
 x - 4 scrolls of enchant armour
 A - a scroll of silence {unknown}
 E - 5 scrolls of fog
 K - 2 scrolls of blinking
 N - 2 scrolls of identify
Potions
 a - 4 potions of haste
 c - 3 potions of stabbing
 d - 4 potions of invisibility
 e - 6 potions of curing
 f - 7 potions of brilliance
 l - 5 potions of lignification
 q - 4 potions of flight
 t - 2 potions of ambrosia
 v - a potion of resistance
 G - 3 potions of might
 L - a potion of magic
 M - 2 potions of heal wounds
 R - a potion of cancellation {unknown}


   Skills:
 - Level 12.5(11.6) Fighting
 - Level 1.1(0.5) Long Blades
 - Level 5.3(4.6) Staves
 - Level 10.6(9.7) Dodging
 - Level 4.0(3.2) Shields
 - Level 10.2(9.4) Spellcasting
 + Level 15.6(14.7) Conjurations
 - Level 9.0(8.2) Hexes
 - Level 8.0(7.2) Translocations
 - Level 4.6(3.8) Transmutations
 - Level 3.5(2.8) Ice Magic


You had 15 spell levels left.
You knew the following spells:

 Your Spells              Type           Power        Failure   Level
a - Magic Dart            Conj           ####         0%          1
b - Searing Ray           Conj           ######       1%          2
c - Dazzling Flash        Conj/Hex       ######       1%          3
d - Fulminant Prism       Conj/Hex       ######....   1%          4
e - Tukima's Dance        Hex            #####...     1%          3
f - Iskenderun's Mystic   Conj/Tloc      ######..     1%          4
g - Ice Form              Ice/Tmut       ###.....     8%          4

Your spell library contained the following spells:

 Spells                   Type           Power        Failure   Level
 Apportation              Tloc           #####.       1%          1
 Corona                   Hex            #####..      1%          1
 Ensorcelled Hibernation  Hex/Ice        ####..       1%          2
 Passwall                 Tmut/Erth      ###.....     1%          2
 Confusing Touch          Hex            #####...     1%          3
 Stone Arrow              Conj/Erth      ######       1%          3
 Animate Skeleton         Necr           #.....       3%          1
 Summon Small Mammal      Summ           #...         3%          1
 Metabolic Englaciation   Hex/Ice        ####......   9%          5
 Freezing Cloud           Conj/Ice/Air   ######....   38%         6
 Ozocubu's Refrigeration  Ice            ###.......   77%         6
 Simulacrum               Ice/Necr       ###.......   91%         6


Dungeon Overview and Level Annotations

Branches:
Dungeon (14/15)            Temple (1/1) D:5            Lair (6/6) D:10
  Swamp (0/4) Lair:3       Spider (0/4) Lair:3        Slime (0/5) Lair:5
    Orc (2/2) D:10            Elf (0/3) Orc:2        Vaults (0/5) D:13
Ossuary (visited)

Altars:
Ashenzari
Cheibriados
Dithmenos
Elyvilon
Fedhas
Gozag
Hepliaklqana
Kikubaaqudgha
Makhleb
Nemelex Xobeh
Okawaru
Qazlal
Ru
Sif Muna
Trog
Uskayaw
Vehumet
Wu Jian
Xom
Yredelemnul
Zin
The Shining One
Beogh
Jiyva

Shops:
D:8 *   D:12 =   D:13 [   Orc:2 [*(!


Innate Abilities, Weirdness & Mutations

You can breathe wild blasts of lightning.
Your glossy black scales are hard. (AC +9)
You cannot fit into any form of body armour.
Your large and strong wings let you fly indefinitely.
You are resistant to electric shocks. (rElec)
You are cold-blooded and may be slowed by cold attacks.
You cannot be stealthy.
You cannot study or use magical devices.
You have somewhat slow reflexes. (EV -5)
You are sensitive to extremes of temperature. (rF-, rC-)
You have large cloven feet.
You are dopey. (Int -2)
You do not regenerate when monsters are visible.


Message History

* * * LOW HITPOINT WARNING * * *
The seven-headed hydra barely misses you.
The seven-headed hydra bites you.
* * * LOW HITPOINT WARNING * * *
A wyvern comes into view.
The cane toad stings you!
* * * LOW HITPOINT WARNING * * *
The seven-headed hydra bites you. x2
* * * LOW HITPOINT WARNING * * *
The seven-headed hydra bites you.
* * * LOW HITPOINT WARNING * * *
The seven-headed hydra bites you!
* * * LOW HITPOINT WARNING * * *
The seven-headed hydra bites you!
* * * LOW HITPOINT WARNING * * *
You focus your will and blind the seven-headed hydra in retribution!
The seven-headed hydra bites you!
* * * LOW HITPOINT WARNING * * *
The seven-headed hydra bites you.
You die...

♣♣♣♣....♣♣ ♣♣...
♣........♣♣♣ ....Y
...........♣♣♣ ......
#...........♣ ###...
...........##
###.........#.#
#..h........... #.
###D...<.)..#
#..####F@..†.....##
##.....†#.†.†......#
#P.$....†††.........##
.........#†...........
#....####.............
#.... ##........P...
#.#. ##.........P#.# #
# ...........##
#.#........##


You could see a seven-headed hydra (blind), a cane toad and a hell hound.

Vanquished Creatures
  3 orc warlords
  2 entropy weavers (Lair:5)
  Fannar (Lair:2)
  A rakshasa (D:14)
  A vault guard (D:13)
  10 hydras
  2 centaur warriors
  6 two-headed ogres
  A queen ant (Lair:5)
  9 death yaks
  4 orc high priests
  2 tengu warriors
  A sea snake (shapeshifter) (D:14)
  A deep troll (D:14)
  A lindwurm (Lair:3)
  2 unseen horrors
  3 orc knights
  2 wolf spiders (Lair:3)
  6 ugly things
  4 oklob plants (Lair:1)
  3 cyclopes
  A manticore (D:11)
  3 elephants (Lair:2)
  3 orc sorcerers (Orc:2)
  5 black mambas
  Joseph (Lair:1)
  14 cane toads
  A gargoyle (D:14)
  3 rime drakes
  12 komodo dragons
  A freezing wraith (D:12)
  A tengu conjurer (D:13)
  2 efreet
  10 trolls
  A jumping spider (shapeshifter) (D:14)
  A jumping spider (Lair:3)
  2 hornets
  A polar bear (Lair:5)
  10 blink frogs
  5 dream sheep (Lair:5)
  A bog body (Lair:3)
  2 shadows
  5 wyverns
  A wraith (D:14)
  39 yaks
  A spriggan (Lair:4)
  A vampire (D:14)
  4 basilisks
  A steam dragon (D:12)
  Menkaure (D:7)
  5 soldier ants (Lair:5)
  2 insubstantial wisps (D:12)
  3 swamp worms (Lair:3)
  15 wargs
  12 water moccasins
  55 orc warriors
  3 sky beasts (D:12)
  2 phantoms
  2 black bears
  An eye of draining (D:13)
  3 necrophages
  2 ice beasts
  13 ogres
  60 wolves
  19 centaurs
  An elf zombie (Ossuary)
  2 big kobolds (D:10)
  20 bullfrogs
  2 gnoll sergeants (D:10)
  5 scorpions
  12 wights
  A howler monkey (D:12)
  An electric eel (Lair:3)
  A bullfrog zombie (D:5)
  6 centaur zombies
  2 quasits
  8 hounds
  40 orc wizards
  4 jellies
  6 bullfrog skeletons
  32 orc priests
  4 centaur skeletons
  5 iguanas
  32 worker ants
  7 hell rats (Lair:1)
  A killer bee zombie (D:6)
  3 ogre zombies (Ossuary)
  A hound zombie (D:10)
  2 hound skeletons
  7 mummies (Ossuary)
  A worker ant zombie (D:7)
  17 gnolls
  14 adders
  16 white imps
  2 ufetubi
  6 adder zombies (Ossuary)
  An adder skeleton (D:4)
  3 worms
  3 dart slugs
  6 leopard geckos
  142 orcs
  A ball python (D:3)
  4 giant cockroaches
  6 goblins
  11 hobgoblins
  9 jackals
  24 kobolds
  5 quokkas
  14 bats
  6 frilled lizards
  A gnoll zombie (Ossuary)
  2 goblin zombies (Ossuary)
  A hobgoblin zombie (Ossuary)
  A jackal zombie (D:6)
  7 kobold zombies (Ossuary)
  An orc zombie (Ossuary)
  A quokka skeleton (D:4)
  4 quokka zombies (Ossuary)
  10 rats
  2 rat zombies (Ossuary)
  49 fulminant prisms
970 creatures vanquished.

Vanquished Creatures (collateral kills)
  3 wights
  A gnoll (D:10)
4 creatures vanquished.

Vanquished Creatures (others)
  A yak (Lair:1)
  9 dancing weapons
  An orc warrior (Orc:2)
  A sky beast (D:12)
  A centaur (D:8)
  2 orcs
  A bush (D:7)
  273 fulminant prisms
  38 fungi
  109 plants
436 creatures vanquished.

Grand Total: 1410 creatures vanquished

Notes
Turn   | Place    | Note
-------+----------+-------------------------------------------
     0 | D:1      | DogServant the Draconian Conjurer began the quest for the
                  | Orb.
     0 | D:1      | Reached XP level 1. HP: 14/14 MP: 3/3
   449 | D:1      | Reached XP level 2. HP: 2/20 MP: 0/5
  1668 | D:1      | Reached XP level 3. HP: 22/26 MP: 0/7
  2131 | D:2      | Found a shadowy altar of Dithmenos.
  2183 | D:2      | Reached XP level 4. HP: 16/33 MP: 0/8
  2187 | D:2      | Learned a level 2 spell: Searing Ray
  2191 | D:2      | Learned a level 3 spell: Dazzling Flash
  2424 | D:2      | Reached skill level 5 in Conjurations
  2557 | D:2      | Reached skill level 1 in Fighting
  3750 | D:3      | Found a white marble altar of Elyvilon.
  3864 | D:3      | Reached XP level 5. HP: 41/41 MP: 7/9
  4503 | D:3      | Found a basalt altar of Yredelemnul.
  4714 | D:4      | Reached XP level 6. HP: 51/51 MP: 5/10
  4832 | D:4      | Reached skill level 6 in Conjurations
  4941 | D:4      | Learned a level 4 spell: Fulminant Prism
  5683 | D:4      | Found an opulent altar of Gozag.
  5760 | D:5      | Entered Level 5 of the Dungeon
  5827 | D:5      | Your scales start taking on a glossy black colour.
  5827 | D:5      | Reached XP level 7. HP: 60/60 MP: 4/11
  5827 | D:5      | Gained mutation: You are resistant to electric shocks.
                  | (rElec) [Black Draconian growth]
  6283 | D:5      | Found a broken altar of Ashenzari.
  6435 | D:5      | Found a staircase to the Ecumenical Temple.
  6446 | D:5      | Reached skill level 1 in Hexes
  6449 | Temple   | Entered the Ecumenical Temple
  6545 | Temple   | Became a worshipper of Ru the Awakened
  6686 | D:5      | Reached skill level 5 in Fighting
  7039 | D:6      | Found a blossoming altar of Fedhas.
  7214 | D:6      | Found a snail-covered altar of Cheibriados.
  7331 | D:6      | Noticed a wyvern
  7341 | D:6      | Killed a wyvern
  7587 | D:6      | Reached skill level 5 in Spellcasting
  7587 | D:6      | Reached XP level 8. HP: 68/68 MP: 12/15
  7611 | D:6      | Reached skill level 7 in Conjurations
  8139 | D:6      | Gained mutation: You cannot study or use magical devices.
                  | [Ru sacrifice]
  8139 | D:6      | Reached * piety under Ru
  8139 | D:6      | Reached ** piety under Ru
  8235 | D:7      | Noticed Menkaure
  8252 | D:7      | HP: 1/68 [centaur/arrow (10)]
  8806 | D:7      | Reached skill level 8 in Conjurations
  8944 | D:7      | Killed Menkaure
  8964 | D:7      | Reached XP level 9. HP: 28/74 MP: 5/17
 10053 | D:8      | Found Atimp's Assorted Antiques.
 10059 | D:8      | Reached skill level 9 in Conjurations
 10146 | D:8      | Bought a glowing ruby ring for 135 gold pieces
 10146 | D:8      | Bought a sedimented grey potion for 24 gold pieces
 10301 | D:8      | Found a sand-covered staircase.
 10307 | Ossuary  | Entered an ossuary
 11124 | D:8      | Gained mutation: You cannot be stealthy. [Ru sacrifice]
 11124 | D:8      | Reached *** piety under Ru
 11375 | D:9      | Got a jewelled scimitar
 11376 | D:9      | Identified the +2 scimitar of Turmoil {drain, +Rage Int+6}
                  | (You found it on level 9 of the Dungeon)
 11515 | D:9      | Paralysed by a hornet for 3 turns
 11789 | D:9      | Found a glowing silver altar of Zin.
 11889 | D:9      | Reached XP level 10. HP: 88/88 MP: 16/20
 11996 | D:9      | Identified a scroll of acquirement
 12007 | D:9      | Acquired the ring "Xemneudgh" {rPois rC- rCorr Int+3}
 12048 | D:9      | Found a hazy altar of Hepliaklqana.
 12103 | D:9      | Found a shimmering altar of Xom.
 12103 | D:9      | Found a shimmering altar of Xom.
 12104 | D:9      | Found a shimmering altar of Xom.
 12105 | D:9      | Found a shimmering altar of Xom.
 12106 | D:9      | Found a shimmering altar of Xom.
 12107 | D:9      | Found a shimmering altar of Xom.
 12378 | D:10     | Entered Level 10 of the Dungeon
 12672 | D:10     | Reached skill level 10 in Conjurations
 12683 | D:9      | Learned a level 3 spell: Tukima's Dance
 12688 | D:9      | Learned a level 4 spell: Iskenderun's Mystic Blast
 13114 | D:10     | Identified the +1 robe of Tartarus {+Blink rC+}
 13406 | D:10     | Found a staircase to the Orcish Mines.
 13413 | D:10     | Found a staircase to the Lair.
 13463 | D:10     | Reached skill level 5 in Dodging
 13951 | D:11     | Noticed a red ugly thing
 13951 | D:11     | Noticed a manticore
 13985 | D:11     | Killed a red ugly thing
 14037 | D:11     | Killed a manticore
 14163 | D:11     | Reached XP level 11. HP: 97/97 MP: 0/22
 14360 | D:11     | Killed an unseen horror
 14360 | D:11     | Reached skill level 1 in Translocations
 14457 | D:11     | Noticed a white ugly thing
 14470 | D:11     | Killed a white ugly thing
 14470 | D:11     | Reached skill level 10 in Fighting
 14645 | D:11     | Noticed a centaur warrior
 14661 | D:11     | Killed a centaur warrior
 15345 | D:12     | Noticed an eight-headed hydra
 15359 | D:12     | Killed an eight-headed hydra
 15380 | D:12     | Reached skill level 11 in Conjurations
 15656 | D:12     | Found Jaxtal's Jewellery Boutique.
 15712 | D:12     | Paralysed by an orc warrior for 2 turns
 15731 | D:12     | Reached skill level 5 in Translocations
 15849 | D:12     | Noticed an unseen horror
 15849 | D:12     | Killed an unseen horror
 16495 | D:12     | Bought the ring "Riujidap" {Wiz Dex+3 Slay-4} for 540 gold
                  | pieces
 16694 | D:13     | Found Yrowuva's Antique Armour Shoppe.
 16730 | D:13     | Noticed a two-headed ogre
 16738 | D:13     | Reached XP level 12. HP: 107/110 MP: 1/23
 16766 | D:13     | Killed a two-headed ogre
 16811 | D:13     | Noticed an ogre mage
 17098 | D:13     | Noticed a two-headed ogre
 17099 | D:13     | Noticed a two-headed ogre
 17102 | D:13     | Noticed a two-headed ogre
 17108 | D:13     | Killed a two-headed ogre
 17110 | D:13     | Killed a two-headed ogre
 17118 | D:13     | Killed a two-headed ogre
 17206 | D:13     | Noticed a tengu warrior
 17226 | D:13     | Killed a tengu warrior
 17410 | D:13     | Reached skill level 12 in Conjurations
 17633 | D:13     | Got a scorched lead amulet
 17637 | D:13     | Noticed a two-headed ogre
 17642 | D:13     | Killed a two-headed ogre
 17848 | D:13     | Found a gate to the Vaults.
 17848 | D:13     | Noticed a vault guard
 17863 | D:13     | Killed a vault guard
 18062 | Lair:1   | Entered Level 1 of the Lair of Beasts
 18344 | D:10     | Learned a level 4 spell: Ice Form
 18344 | D:10     | Identified the amulet of Vehumet's Castigation {Acrobat
                  | rC+} (You found it on level 13 of the Dungeon)
 18351 | Lair:1   | Reached skill level 1 in Ice Magic
 18353 | Lair:1   | Reached skill level 1 in Transmutations
 18358 | Lair:1   | Noticed an eight-headed hydra
 18423 | Lair:1   | Found a frozen archway.
 18426 | Lair:1   | Reached skill level 5 in Hexes
 18441 | Lair:1   | Noticed Joseph
 18841 | Lair:2   | Noticed a four-headed hydra
 18843 | Lair:2   | Noticed a four-headed hydra
 18851 | Lair:2   | Killed a four-headed hydra
 18851 | Lair:2   | Reached XP level 13. HP: 71/119 MP: 4/24
 18872 | Lair:2   | Gained mutation: You are sensitive to extremes of
                  | temperature. (rF-, rC-) [Ru sacrifice]
 18872 | Lair:2   | Reached **** piety under Ru
 18872 | Lair:2   | Reached ***** piety under Ru
 19041 | Lair:2   | Noticed Fannar
 19054 | Lair:2   | Killed Fannar
 20493 | Lair:3   | Reached skill level 1 in Shields
 21028 | Lair:3   | Gained mutation: You have somewhat slow reflexes. (EV -5)
                  | [Ru sacrifice]
 21028 | Lair:3   | Reached ****** piety under Ru
 21593 | Lair:3   | Found a hole to the Spider Nest.
 21686 | Lair:3   | Found a staircase to the Swamp.
 23007 | Lair:4   | Reached skill level 13 in Conjurations
 23834 | Lair:1   | Gained mutation: Your large and strong wings let you fly
                  | indefinitely. [Black Draconian growth]
 23834 | Lair:1   | Reached XP level 14. HP: 80/127 MP: 3/26
 24669 | Lair:1   | Killed Joseph
 26046 | D:14     | Identified the +8 quarterstaff of the Slime-mould {drain,
                  | rN++ Str-3 Int+4 Stlth-}
 26472 | D:14     | Reached skill level 10 in Dodging
 26825 | D:14     | Identified the Incunabulum of Bewitching Stones
 27278 | D:12     | Bought an uncursed ring of magical power for 360 gold
                  | pieces
 27343 | Orc:1    | Entered Level 1 of the Orcish Mines
 27682 | Orc:2    | Entered Level 2 of the Orcish Mines
 28300 | Orc:2    | Noticed an orc warlord
 28822 | Orc:2    | Killed an orc warlord
 29349 | Orc:2    | Paralysed by an orc sorcerer for 3 turns
 29488 | D:12     | Bought an uncursed ring of protection from magic for 450
                  | gold pieces
 29887 | Orc:2    | Found a roughly hewn altar of Beogh.
 29900 | Orc:2    | Found Xuvarghul's General Store.
 30027 | Orc:2    | Found a staircase to the Elven Halls.
 30316 | Orc:2    | Found a roughly hewn altar of Beogh.
 30710 | Orc:2    | Reached skill level 1 in Staves
 30731 | Orc:2    | Found Yroroimp's Antique Armour Boutique.
 30732 | Orc:2    | Found a roughly hewn altar of Beogh.
 30735 | Orc:2    | Noticed an orc warlord
 30738 | Orc:2    | Found Pozyusmest's Antique Weapon Shop.
 30817 | Orc:2    | Found a roughly hewn altar of Beogh.
 31075 | Orc:2    | Found a roughly hewn altar of Beogh.
 31246 | Orc:2    | Killed an orc warlord
 31246 | Orc:2    | Reached XP level 15. HP: 120/134 MP: 5/28
 31524 | Orc:2    | Found Vebexzuwn's Distillery.
 31529 | Orc:2    | Bought a potion of mutation for 144 gold pieces
 31529 | Orc:2    | Gained mutation: You have large cloven feet. [potion of
                  | mutation]
 31529 | Orc:2    | Gained mutation: Your muscles are strong. (Str +2) [potion
                  | of mutation]
 31530 | Orc:2    | Lost mutation: You have large cloven feet. [potion of
                  | mutation]
 31530 | Orc:2    | Lost mutation: Your muscles are strong. (Str +2) [potion of
                  | mutation]
 31530 | Orc:2    | Gained mutation: You are dopey. (Int -2) [potion of
                  | mutation]
 31530 | Orc:2    | Gained mutation: You do not regenerate when monsters are
                  | visible. [potion of mutation]
 31530 | Orc:2    | Gained mutation: You have large cloven feet. [potion of
                  | mutation]
 31594 | Orc:1    | Noticed an orc warlord
 31855 | Orc:1    | Killed an orc warlord
 32670 | Lair:5   | Found a staircase to the Slime Pits.
 32671 | Lair:5   | Found a viscous altar of Jiyva.
 32740 | Lair:5   | Reached skill level 14 in Conjurations
 33195 | Lair:6   | Entered Level 6 of the Lair of Beasts
 33291 | Lair:5   | Reached skill level 5 in Staves
 33291 | Lair:5   | Reached skill level 10 in Spellcasting
 33291 | Lair:5   | Reached XP level 16. HP: 141/141 MP: 28/30
 33780 | Lair:5   | Reached skill level 1 in Long Blades
 34068 | Lair:5   | Reached skill level 15 in Conjurations
 34068 | Lair:5   | Reached XP level 17. HP: 148/148 MP: 31/31
 34224 | Lair:6   | HP: 2/148 [seven-headed hydra (7)]
 34224 | Lair:6   | Slain by a seven-headed hydra

Illustrated notes

Levels and vault maps discovered:
D:1:      eino_arrival_water_star, layout_rooms, serial_bayou_lagoon_a
D:2:      layout_loops_corners, nicolae_overflow_crystal_walls,
          minmay_nonomino_d4
D:3:      layout_basic, kennysheep_ying_yang
D:4:      layout_loops_ring, marbit_many_paths, kennysheep_another_room,
          kennysheep_decorative_pillar, dk_vineyard_3
D:5:      layout_rooms, minmay_temple_entry_statues_fountains,
          minmay_misc_feat_cross, minmay_misc_feat_x,
          nicolae_ashenzari_panopticon
D:6:      layout_cave_pools, cheibriados_altar_1, lemuel_round_altar,
          serial_co_window_serial, co_window_paths_b, co_window_paths_a,
          co_window_paths_b, co_window_paths_a, co_window_corner_a,
          co_window_corner_b, co_window_broadway_a, co_window_of_opportunity_c,
          co_window_paths_c, co_window_unsneaky_path_b, co_window_sun,
          glass_columns_b, glass_columns_a, glass_columns_b, glass_columns_c,
          glass_columns_a
D:7:      layout_loops_ring, kb_lookout_dungeons_type, uniq_menkaure
D:8:      layout_loops_cross, nicolae_ossuary_entry_plus, serial_shops, shop
D:9:      layout_roguey, zin_treasury, xom_shifter_show, lemuel_altar_in_water
D:10:     layout_basic, erik_lair_orcish_takeover, orc_0_dummy
D:11:     layout_roguey
D:12:     layout_loops_ring, serial_shops, nicolae_shop_behind_doors,
          hangedman_misty_isle
D:13:     layout_roguey, david_vaults_5, serial_shops, shop,
          kennysheep_generic_room_4
D:14:     layout_roguey [special_room_orc], hangedman_decor_diamond_cutter,
          minmay_pinched_square
Temple:   nicolae_temple_god_jail
Lair:1:   minmay_lair_oklob_tunnel, layout_regular_city,
          portal_ice_cave_entry_imps, small_statue_intersection,
          grunt_megastairs_1, uniq_joseph
Lair:2:   layout_chaotic_city, hangedman_lair_unloving_vines,
          grunt_megastairs_4, uniq_fannar
Lair:3:   layout_cave_pods, nicolae_swamp_entry_splash_gauntlet,
          spider_nest_entry_funnel_web, nicolae_volcano_entry_vermiform
Lair:4:   layout_cave_pods, grunt_forest_large_clearings
Lair:5:   layout_hall_layers, slime_altar_1, minmay_another_anthill,
          lemuel_fruit_tree, grunt_megastairs_2
Lair:6:   evil_forest, layout_small_grid, chequers_serial_rivers_small_a
Orc:1:    layout_caves
Orc:2:    grunt_orc_community_town_hall, layout_caves,
          grunt_orc_community_big_house_2, grunt_orc_community_big_house_2,
          grunt_orc_community_house_1, grunt_orc_community_house_1,
          grunt_orc_community_house_3, grunt_orc_community_house_2,
          grunt_orc_community_house_2, minmay_orc_temple_c

Skill      XL: |  1  2  3  4  5  6  7  8  9 10 11 12 13 14 15 16 |
---------------+-------------------------------------------------+-----
Spellcasting   | 3 5 7 8 9 10 | 10.2
Conjurations   | 5 6 8 9 10 11 12 13 14 15 | 15.6
Fighting       | 1 3 4 5 7 9 11 12 | 12.5
Hexes          | 2 4 5 6 8 9 |  9.0
Dodging        | 2 4 6 8 10 | 10.6
Stealth        | 0 |  0.0
Translocations | 5 7 8 |  8.0
Ice Magic      | 2 3 |  3.5
Transmutations | 2 4 |  4.6
Shields        | 4 |  4.0
Staves         | 2 5 |  5.3
Long Blades    | 1 |  1.1

Action                   |  1- 3 |  4- 6 |  7- 9 | 10-12 | 13-15 | 16-18 || total
-------------------------+-------+-------+-------+-------+-------+-------++-------
Melee: Unarmed           |   120 |    38 |     7 |       |       |       ||   165
       Tailslap          |     9 |     3 |     7 |     9 |    10 |    12 ||    50
       Dagger            |       |       |    27 |       |       |       ||    27
       Staff             |       |       |    47 |    30 |    57 |    25 ||   159
       Scimitar          |       |       |    12 |    39 |    16 |    32 ||    99
 Cast: Magic Dart        |    51 |   123 |    64 |    42 |    29 |       ||   309
       Searing Ray       |       |    15 |    88 |   114 |   158 |     5 ||   380
       Fulminant Prism   |       |       |    13 |    64 |   224 |    22 ||   323
       Tukima's Dance    |       |       |       |    27 |     5 |       ||    32
       Iskenderun's Myst |       |       |       |    27 |    79 |     9 ||   115
       Dazzling Flash    |       |       |       |    13 |    13 |     3 ||    29
       Ice Form          |       |       |       |       |     1 |       ||     1
Invok: Sacrifice Artific |       |       |     1 |       |       |       ||     1
       Sacrifice Stealth |       |       |     1 |       |       |       ||     1
       Reject Sacrifices |       |       |       |     1 |       |       ||     1
       Draw Out Power    |       |       |       |     1 |     9 |     1 ||    11
       Apocalypse        |       |       |       |       |     5 |     1 ||     6
       Sacrifice Health  |       |       |       |       |     1 |       ||     1
       Sacrifice Resista |       |       |       |       |     1 |       ||     1
 Abil: Breathe Lightning |       |       |    11 |    24 |    26 |     3 ||    64
       End Transformatio |       |       |       |       |     1 |       ||     1
  Use: Scroll            |       |     8 |    12 |    16 |     8 |       ||    44
       Potion            |       |       |     1 |     4 |     3 |     1 ||     9
 Stab: Invisible         |       |       |       |     1 |       |       ||     1
       Paralysed         |       |       |       |       |     2 |     8 ||    10
Armor: Skin              |    72 |    24 |    77 |   135 |   120 |    23 ||   451
Dodge: Dodged            |   141 |    40 |   133 |   269 |   213 |    58 ||   854
Block: Buckler           |       |       |       |       |    46 |    25 ||    71
       Reflection        |       |       |       |       |     8 |     1 ||     9
       Rpst.: Scimitar   |       |       |     6 |    28 |     9 |    10 ||    53

Table legend: (Time is in decaauts)
 A = Elapsed time spent in this place.
 B = Non-inter-level travel time spent in this place.
 C = Inter-level travel time spent in this place.
 D = Time resting spent in this place.
 E = Time spent auto-exploring this place.
 F = Levels seen in this place.
 G = Mean time per level.
                   A        B        C        D        E       F      G
               +--------+--------+--------+--------+--------+-----+--------+
         Total |  34376 |  32330 |   2046 |  10268 |  17241 |  24 | 1432.3 |
       Dungeon |  20366 |  19009 |   1357 |   4783 |  11417 |  14 | 1454.7 |
        Temple |    105 |     96 |      9 |      0 |     73 |   1 |  105.0 |
          Lair |   8878 |   8364 |    514 |   3337 |   3952 |   6 | 1479.7 |
  Orcish Mines |   4487 |   4322 |    165 |   2136 |   1406 |   2 | 2243.5 |
       Ossuary |    537 |    537 |      0 |     12 |    393 |   1 |  537.0 |
               +--------+--------+--------+--------+--------+-----+--------+

Top non-repeatable levels by time:
   Orc:2: 2449 daAuts
  Lair:3: 2299 daAuts
     D:1: 2050 daAuts
  Lair:1: 2048 daAuts
   Orc:1: 2038 daAuts
    D:10: 2011 daAuts
  Lair:4: 1927 daAuts
    D:14: 1920 daAuts
     D:6: 1792 daAuts
    D:12: 1639 daAuts
    D:11: 1400 daAuts
  Lair:5: 1394 daAuts
    D:13: 1377 daAuts
     D:2: 1351 daAuts
     D:9: 1337 daAuts
